 Dungeon Crawl Stone Soup version 0.31.0 (webtiles) character file.

Game seed: 17996278475693786061

974 qw the Skirmisher (level 8, 0/51 HPs)
             Began as a Gargoyle Hunter on Jan 19, 2024.
             Slain by a two-headed ogre
             ... wielding a +0 giant club
              (8 damage)
             ... on level 5 of the Dungeon.
             The game lasted 00:00:18 (3489 turns).

qw the Skirmisher (Gargoyle Hunter)                 Turns: 3489, Time: 00:00:18

Health: 0/51       AC: 15    Str: 17    XL:     8   Next: 16%
Magic:  8/8        EV: 11    Int: 11    God:
Gold:   257        SH:  5    Dex: 15    Spells: 7/7 levels left

rFire   + + .        a - +0 shortbow
rCold   + . .        (shield currently unavailable)
rNeg    + . .        i - +0 ring mail
rPois   inf          r - +0 helmet
rElec   +            n - scarf {rC+ rF+}
rCorr   .            (no gloves)
SInv    .            c - +2 pair of boots of Jouwuute {Str+3}
Will    .....        d - amulet of reflection
Stlth   +            k - ring of protection from fire
HPRegen 0.28/turn    (no ring)
MPRegen 0.11/turn

%: reflection
@: no status effects
A: sickness immunity, AC +5, negative energy resistance 1, electricity
resistance, torment resistance 1, petrification resistance
a: no special abilities


You were on level 5 of the Dungeon.
You visited 1 branch of the dungeon, and saw 5 of its levels.

You collected 257 gold pieces.


Innate Abilities, Weirdness & Mutations

You are immune to sickness and miasma.
Your stone body is resilient. (AC +5)
You are immune to poison.
You resist negative energy. (rN+)
You are resistant to electric shocks. (rElec)
You are resistant to unholy torment.
You are immune to petrification.


   Skills:
 - Level 5.8 Fighting
 + Level 8.1 Ranged Weapons
 - Level 2.8 Armour
 - Level 2.0 Dodging
 - Level 1.1 Stealth


You had 7 spell levels left.
You didn't know any spells.
Your spell library was empty.

Inventory:

Hand Weapons
 a - a +0 shortbow (weapon)
Armour
 c - the +2 pair of boots of Jouwuute (worn) {Str+3}
   (You acquired it on level 3 of the Dungeon)

   Str+3:     It affects your strength (+3).
 f - a +1 ring mail of poison resistance
 i - a +0 ring mail (worn)
 n - a scarf of resistance (worn)
 r - a +0 helmet (worn)
Jewellery
 d - an amulet of reflection (around neck)
 k - a ring of protection from fire (left hand)
Wands
 p - a wand of digging (5)
Scrolls
 g - a scroll of identify
Potions
 b - a potion of cancellation
 e - 3 potions of curing
 h - 2 potions of haste
 j - a potion of lignification {unknown}
 o - a potion of might {unknown}

Dungeon Overview and Level Annotations

Branches:
Dungeon (5/15)
 Temple: D:4-7

Altars:
Nemelex Xobeh

Annotations:
D:4 1 runed translucent door, Crazy Yiuf


Message History

Enter note:
Enter note:
3480 ||| RETREEEEATING.
You shoot an arrow.
The arrow hits the white imp but does no damage.
The white imp is moderately wounded.
The white imp gestures at you.
The puff of frost hits you but does no damage.
You resist.
You shoot an arrow. The arrow hits the white imp.
The white imp is almost dead.
The white imp misses you.
You shoot an arrow. The arrow hits the white imp!
You kill the white imp!
You shoot an arrow. The arrow hits the iguana!
The iguana is heavily wounded.
The iguana bites you but does no damage.
You shoot an arrow.
The arrow hits the iguana but does no damage.
The iguana is heavily wounded.
The iguana closely misses you.
You shoot an arrow. The arrow hits the iguana.
You kill the iguana!
You hear a shout!
Your Dodging skill increases to level 2!
You shoot an arrow.
The arrow hits the two-headed ogre but does no damage.
The two-headed ogre hits you with a +0 giant club!
The two-headed ogre completely misses you.
You shoot an arrow. The arrow hits the two-headed ogre!
The two-headed ogre is lightly wounded.
The two-headed ogre hits you with a +0 giant club.
The two-headed ogre hits you with a +0 giant spiked club!
You shoot an arrow.
The arrow barely misses the two-headed ogre.
The arrow hits the gnoll bouda.
The gnoll bouda is moderately wounded.
The two-headed ogre hits you with a +0 giant club!
The two-headed ogre hits you with a +0 giant spiked club!
You die...

#.##...........#
##############.#
#.# #.# . #.# ..
#.### #. #...#
#. ###.# #. #@#
#.##O# #..og#
#Og#.### ... #.
. #. #. .. ..


You could see a two-headed ogre, a gnoll bouda and an orc.

Vanquished Creatures
  Sigmund (D:3)
  Menkaure (D:5)
  A black bear (D:5)
  An ice beast (D:5)
  A scorpion (D:3)
  A howler monkey (D:5)
  A hound (D:4)
  2 orc priests
  Jessica (D:2)
  3 iguanas
  2 orc wizards (D:5)
  A gnoll (D:1)
  5 adders
  A white imp (D:5)
  2 ufetubi (D:5)
  4 dart slugs
  12 orcs
  11 endoplasms
  3 giant cockroaches
  8 hobgoblins
  9 jackals
  7 kobolds
  3 quokkas
  10 ball pythons
  4 bats (D:1)
  7 frilled lizards
  3 goblins
  6 rats
111 creatures vanquished.

Notes
Turn   | Place    | Note
-------+----------+-------------------------------------------
     0 | D:1      | qw the Gargoyle Hunter began the quest for the Orb.
     0 | D:1      | Reached XP level 1. HP: 12/12 MP: 1/1
     0 | D:1      | 0 ||| qw: Version: 0.3-a-132-g3d54051
     0 | D:1      | 0 ||| qw: Game counter: 178
     0 | D:1      | 0 ||| qw: Melee chars always use a shield: true
     0 | D:1      | 0 ||| qw: God list: Okawaru
     0 | D:1      | 0 ||| qw: Allow faded altars: false
     0 | D:1      | 0 ||| qw: Do Orc after clearing Dungeon:15 true
     0 | D:1      | 0 ||| qw: Do second Lair branch before Depths: true
     0 | D:1      | 0 ||| qw: Lair rune preference: random
     0 | D:1      | 0 ||| qw: Goals: Normal
     0 | D:1      | 0 ||| PLANNING D:1-11
   184 | D:1      | Reached XP level 2. HP: 17/17 MP: 2/2
   362 | D:1      | Reached XP level 3. HP: 9/21 MP: 3/3
   387 | D:1      | Reached skill level 5 in Ranged Weapons
   705 | D:1      | 705 ||| UPGRADING to +0 ring mail.
   715 | D:1      | 715 ||| DROPPING +0 leather armour.
   716 | D:1      | 716 ||| UPGRADING to scarf of resistance.
   721 | D:1      | 721 ||| UPGRADING to amulet of reflection.
   726 | D:1      | 726 ||| UPGRADING to ring of protection from fire.
   727 | D:1      | 727 ||| READING scroll labelled BIDUFACIHA.
   727 | D:1      | 727 ||| IDENTIFYING ruby potion
   728 | D:1      | 728 ||| READING scroll labelled PUNKIAM BOMIVE.
   729 | D:1      | 729 ||| READING 2 scrolls labelled QOLAUTH XASTEL.
   734 | D:1      | 734 ||| DRINKING 3 glowing blue potions.
   735 | D:1      | 735 ||| DROPPING scroll of butterflies.
   857 | D:2      | Reached skill level 1 in Armour
   857 | D:2      | Reached XP level 4. HP: 24/27 MP: 4/4
   857 | D:2      | 857 ||| FLEEEEING.
   921 | D:2      | Reached skill level 3 in Fighting
   956 | D:2      | Noticed Jessica
   973 | D:2      | Killed Jessica
  1193 | D:2      | 1193 ||| FLEEEEING.
  1396 | D:2      | 1396 ||| DRINKING 2 fizzy inky potions.
  1436 | D:3      | Noticed a scorpion
  1442 | D:3      | Killed a scorpion
  1443 | D:3      | Reached skill level 6 in Ranged Weapons
  1443 | D:3      | Reached XP level 5. HP: 32/32 MP: 5/5
  1454 | D:3      | Noticed Sigmund
  1459 | D:3      | Killed Sigmund
  1460 | D:3      | Reached XP level 6. HP: 40/40 MP: 6/6
  1463 | D:3      | 1463 ||| FLEEEEING.
  1464 | D:3      | 1464 ||| FLEEEEING.
  1465 | D:3      | 1465 ||| FLEEEEING.
  1915 | D:3      | 1915 ||| DROPPING amulet of the acrobat.
  1916 | D:3      | 1916 ||| READING scroll of identify.
  1916 | D:3      | 1916 ||| IDENTIFYING lumpy emerald potion
  1917 | D:3      | 1917 ||| READING scroll labelled EPPELU BUNAOGI.
  1917 | D:3      | Identified a scroll of acquirement
  1917 | D:3      | 1917 ||| ACQUIRING +2 pair of boots of Jouwuute {Str+3}
  1917 | D:3      | Acquired the +2 pair of boots of Jouwuute {Str+3}
  1919 | D:3      | 1919 ||| UPGRADING to +2 pair of boots of Jouwuute {Str+3}.
  1924 | D:3      | 1924 ||| READING scroll labelled YCZEXUO MEGAJOAX.
  1925 | D:3      | 1925 ||| FLEEEEING.
  2038 | D:4      | 2038 ||| FLEEEEING.
  2099 | D:4      | 2099 ||| FLEEEEING.
  2155 | D:4      | Reached XP level 7. HP: 44/44 MP: 7/7
  2202 | D:4      | Reached skill level 7 in Ranged Weapons
  2504 | D:4      | Found a runed translucent door.
  2505 | D:4      | Noticed Crazy Yiuf
  2552 | D:4      | 2552 ||| UPGRADING to +0 helmet.
  2557 | D:4      | 2557 ||| READING scroll labelled FIAGAV JURUZA.
  2558 | D:4      | 2558 ||| FLEEEEING.
  2678 | D:4      | 2678 ||| READING scroll labelled OLYMEURPH BEURO.
  2679 | D:4      | 2679 ||| READING scroll labelled PEJOCWOPES.
  2680 | D:4      | 2680 ||| READING scroll labelled PEFOOGR PUTTA.
  2681 | D:4      | 2681 ||| READING scroll labelled UBBENUROTA.
  2718 | D:5      | Entered Level 5 of the Dungeon
  2747 | D:5      | Found a sparkling altar of Nemelex Xobeh.
  2751 | D:5      | 2751 ||| RETREEEEATING.
  2777 | D:5      | HP: 9/44 [orc priest/divine providence (16)]
  2778 | D:5      | 2778 ||| READING 2 scrolls of teleportation.
  2779 | D:5      | 2779 ||| DRINKING 2 potions of curing.
  2779 | D:5      | 2779 ||| (to cure confusion)
  2783 | D:5      | 2783 ||| FLEEEEING.
  2786 | D:5      | 2786 ||| STAIRDANCE
  3033 | D:5      | 3033 ||| FLEEEEING.
  3106 | D:5      | Reached skill level 8 in Ranged Weapons
  3106 | D:5      | 3106 ||| FLEEEEING.
  3186 | D:5      | Noticed Menkaure
  3195 | D:5      | Killed Menkaure
  3196 | D:5      | Reached XP level 8. HP: 14/51 MP: 8/8
  3202 | D:5      | HP: 10/51 [ufetubus (4)]
  3203 | D:5      | 3203 ||| READING scroll of teleportation.
  3204 | D:5      | 3204 ||| DRINKING potion of heal wounds.
  3207 | D:5      | 3207 ||| FLEEEEING.
  3476 | D:5      | Noticed a two-headed ogre
  3479 | D:5      | 3479 ||| RETREEEEATING.
  3480 | D:5      | 3480 ||| RETREEEEATING.
  3489 | D:5      | HP: 8/51 [two-headed ogre/+0 giant club (7)]
  3489 | D:5      | Slain by a two-headed ogre

Levels and vault maps discovered:
D:1:      grunt_arrival_crossed_arrows, layout_loops_cross
D:2:      layout_loops_ring, uniq_jessica
D:3:      layout_basic, shapermc_ecumenical_altar_petra, uniq_sigmund
D:4:      layout_cave_pools, uniq_crazy_yiuf_cottage
D:5:      layout_basic, mainiacjoe_overflow_surrounded_room, serial_rivers,
          chequers_serial_rivers_small_3, chequers_serial_rivers_micro_e,
          chequers_serial_rivers_large_a, chequers_serial_rivers_small_3,
          chequers_serial_rivers_small_3, nzn_random_ring, uniq_menkaure

Skill      XL: |  1  2  3  4  5  6  7  8 |
---------------+-------------------------+-----
Ranged Weapons | 5 6 8 |  8.1
Armour         | 1 2 |  2.8
Fighting       | 3 4 5 |  5.8
Dodging        | 2 |  2.0
Stealth        | |  1.1

Action                     |  1- 3 |  4- 6 |  7- 9 || total
---------------------------+-------+-------+-------++-------
   Fire: Shortbow          |    96 |   180 |   141 ||   417
    Use: Scroll            |     3 |     3 |     7 ||    13
         Potion            |     1 |     1 |     2 ||     4
 Armour: Leather armour    |    16 |       |       ||    16
         Ring mail         |     3 |    43 |   104 ||   150
  Dodge: Dodged            |    21 |    44 |    91 ||   156
  Block: Other             |       |    19 |    22 ||    41

Table legend:
 A = Non-vault XP
 B = Vault XP
 C = Vault XP percentage of total XP
 D = Non-vault monster count
 E = Vault monster count
 F = Vault count percentage of total count
                 A         B        C        D         E       F
            +---------+---------+-------+---------+---------+-------
      Total |     924 |     468 |  33.6 |     106 |       5 |   4.5
            +---------+---------+-------+---------+---------+-------
        D:1 |      66 |       0 |   0.0 |      33 |       0 |   0.0
        D:2 |      56 |      37 |  39.8 |      19 |       1 |   5.0
        D:3 |     189 |     214 |  53.1 |      28 |       1 |   3.4
        D:4 |     125 |       0 |   0.0 |      13 |       0 |   0.0
        D:5 |     488 |     217 |  30.8 |      13 |       3 |  18.8
            +---------+---------+-------+---------+---------+-------
